 Dungeon Crawl Stone Soup version 0.27-a0-1287-gca74d27db6 (webtiles) character file.

Game seed: 15201766397048968569

6 Atlas the Chiller (level 1, -1/13 HPs)
             Began as a Demonspawn Ice Elementalist on June 14, 2021.
             Slain by a goblin (2 damage)
             ... on level 1 of the Dungeon.
             The game lasted 00:00:32 (240 turns).

Atlas the Chiller (Demonspawn Ice Elementalist)      Turns: 240, Time: 00:00:33

Health: -1/13      AC:  2    Str:  8    XL:     1   Next: 75%
Magic:  1/3        EV: 12    Int: 16    God:
Gold:   17         SH:  0    Dex: 13    Spells: 3/4 levels left

rFire    . . .     SeeInvis .   (no weapon)
rCold    . . .     Faith    .   (no shield)
rNeg     . . .     Spirit   .   a - +0 robe
rPois    .         Reflect  .   (no helmet)
rElec    .         Harm     .   (no cloak)
rCorr    .         Rampage  .   (no gloves)
Will     .....                  (no boots)
Stlth    ++........             (no amulet)
HPRegen  0.04/turn              (no ring)
MPRegen  0.08/turn              (no ring)

@: no status effects
A: no striking features
a: no special abilities


You were on level 1 of the Dungeon.
You visited 1 branch of the dungeon, and saw 2 of its levels.

You collected 17 gold pieces.

Inventory:

Armour
 a - a +0 robe (worn)
Scrolls
 b - a scroll of teleportation {unknown}
 c - a scroll of blinking {unknown}


   Skills:
 + Level 1.7 Dodging
 + Level 1.8 Stealth
 + Level 2.1 Spellcasting
 + Level 3.8 Ice Magic


You had 3 spell levels left.
You knew the following spells:

 Your Spells              Type           Power      Damage    Failure   Level
a - Freeze                Ice            56%        1d7       4%          1

Your spell library contained the following spells:

 Spells                   Type           Power      Damage    Failure   Level
 Frozen Ramparts          Ice            28%        1d4       13%         3
 Ozocubu's Armour         Ice            14%        N/A       13%         3
 Hailstorm                Conj/Ice       7%         3d4       67%         4
 Metabolic Englaciation   Hex/Ice        3%         N/A       95%         5


Dungeon Overview and Level Annotations

Branches:
Dungeon (2/15)

Altars:


Message History

A rat and a hobgoblin come into view.
The hobgoblin shouts!
A giant cockroach comes into view.
The jackal bites you but does no damage.
The rat bites you but does no damage.
Found an escape hatch in the ceiling.
You hit the rat but do no damage. The jackal closely misses you.
The rat bites you but does no damage.
The giant cockroach bites you but does no damage.
The jackal bites you.
* * * LOW HITPOINT WARNING * * *
The giant cockroach barely misses you. The giant cockroach misses you.
The jackal bites you.
* * * LOW HITPOINT WARNING * * *
The giant cockroach barely misses you. The hobgoblin misses you.
The giant cockroach closely misses you. The jackal misses you.
The jackal closely misses you.
The jackal bites you but does no damage.
You aren't carrying any potions.
Casting: Freeze (safe; 4% risk of failure)
Confirm with . or Enter, or press ? or * to list all spells.
Aiming: Freeze (safe; 4% risk of failure)
Press: ? - help, Shift-Dir - straight line, f/p - jackal
Aim: a jackal (heavily wounded)
You freeze the jackal.
You kill the jackal!
Unknown command.
The giant cockroach barely misses you.
There is an open door here.
The worm barely misses you.
There is an escape hatch in the ceiling here.
The giant cockroach bites you.
* * * LOW HITPOINT WARNING * * *
The giant cockroach bites you.
* * * LOW HITPOINT WARNING * * *
A mysterious force pulls you upwards. The hatch slams shut behind you.
A goblin and a hobgoblin come into view.
The goblin hits you with a +0 club.
You die...

######.#############
+.............+...###
####.#####.####.#...#
#.#####.##...###.#
.........'.### #..
####.####### ##. . ..
#. ....###### ##
.g.....@g# #
......B..# #
.........# #
.......... #
.....#..(.. #
############


You could see a giant cockroach, a hobgoblin and a goblin.

Vanquished Creatures
  A giant cockroach (D:1)
  A hobgoblin (D:1)
  A jackal (D:2)
  A quokka (D:1)
  A rat (D:1)
5 creatures vanquished.

Notes
Turn   | Place    | Note
-------+----------+-------------------------------------------
     0 | D:1      | Atlas the Demonspawn Ice Elementalist began the quest for
                  | the Orb.
     0 | D:1      | Reached XP level 1. HP: 13/13 MP: 3/3
   240 | D:1      | Slain by a goblin

Illustrated notes

Levels and vault maps discovered:
D:1:      shiori_shiawase, layout_rooms
D:2:      minmay_roachtagon, layout_basic, ebering_ecumenical_altar_hall,
          basic_altar

Action                   || total
-------------------------++-------
Melee: Unarmed           ||    12
 Cast: Freeze            ||     9
Armor: Robe              ||     9
Dodge: Dodged            ||    33

Table legend: (Time is in decaauts)
 A = Elapsed time spent in this place.
 B = Non-inter-level travel time spent in this place.
 C = Inter-level travel time spent in this place.
 D = Time resting spent in this place.
 E = Time spent auto-exploring this place.
 F = Levels seen in this place.
 G = Mean time per level.
                   A        B        C        D        E       F      G
               +--------+--------+--------+--------+--------+-----+--------+
         Total |    239 |    239 |      0 |      0 |    151 |   2 |  119.5 |
       Dungeon |    239 |    239 |      0 |      0 |    151 |   2 |  119.5 |
               +--------+--------+--------+--------+--------+-----+--------+

Top non-repeatable levels by time:
     D:1: 209 daAuts
     D:2: 30 daAuts
